 Dungeon Crawl Stone Soup version 0.27.1-33-g824d729ab1 (webtiles) character file.

Game seed: 16880536325285589860

128 SensoryNuts the Cudgeller (level 4, -3/37 (45) HPs)
             Began as a Troll Monk on Dec 6, 2021.
             Splashed by a jelly's acid (10 damage)
             ... on level 4 of the Dungeon.
             The game lasted 00:02:58 (2300 turns).

SensoryNuts the Cudgeller (Troll Monk)              Turns: 2300, Time: 00:03:00

HP:   -3/37 (45)    AC:  4    Str: 20    XL:     4   Next: 87%
MP:   3/3           EV: 10    Int:  6    God:
Gold: 99            SH:  0    Dex: 12    Spells: 3/3 levels left

rFire    . . .     SeeInvis .   a - +0 mace
rCold    . . .     Faith    .   (no shield)
rNeg     . . .     Spirit   .   b - +0 robe
rPois    .         Reflect  .   (helmet restricted)
rElec    .         Harm     .   (no cloak)
rCorr    .         Rampage  .   (gloves unavailable)
Will     .....                  (boots unavailable)
Stlth    ++........             (no amulet)
HPRegen  1.12/turn              (no ring)
MPRegen  0.08/turn              (no ring)

@: mighty, brilliant, heavily drained
A: large, unfitting armour, claws 3, regeneration 1, shaggy fur 1, tough skin 1
a: no special abilities


You were on level 4 of the Dungeon.
You visited 1 branch of the dungeon, and saw 4 of its levels.

You collected 99 gold pieces.

Inventory:

Hand Weapons
 a - a +0 mace (weapon)
 e - a +0 scimitar
 l - a +0 vampiric hand axe
Armour
 b - a +0 robe (worn)
Magical Staves
 d - a staff of fire
Jewellery
 k - a ring of protection from fire
Wands
 i - a wand of digging (4)
Scrolls
 c - 4 scrolls of identify {unknown}
 h - 2 scrolls of fear {unknown}
 j - 2 scrolls of fog {unknown}


   Skills:
 + Level 3.1 Fighting
 + Level 4.0 Maces & Flails
 + Level 3.0 Dodging
 + Level 1.1 Stealth


You had 3 spell levels left.
You didn't know any spells.
Your spell library was empty.

Dungeon Overview and Level Annotations

Branches:
Dungeon (4/15)
 Temple: D:4-7

Altars:
The Shining One


Innate Abilities, Weirdness & Mutations

You are too large for most types of armour.
You have claws for hands.
Your natural rate of healing is unusually fast.
You are covered in fur. (AC +1)
You have tough skin. (AC +1)


Message History

You are too injured to fight recklessly!
You are too injured to fight recklessly!
You are too injured to fight recklessly!
You are too injured to fight recklessly!
You are too injured to fight recklessly!
You are too injured to fight recklessly!
You are too injured to fight recklessly!
You are too injured to fight recklessly!
You are too injured to fight recklessly!
You are too injured to fight recklessly!
You are too injured to fight recklessly!
You are too injured to fight recklessly!
You are too injured to fight recklessly!
You are too injured to fight recklessly!
You are too injured to fight recklessly!
You are too injured to fight recklessly!
You are too injured to fight recklessly!
You are too injured to fight recklessly!
You are too injured to fight recklessly!
You are too injured to fight recklessly!
You are too injured to fight recklessly!
You are too injured to fight recklessly!
You are too injured to fight recklessly!
You are too injured to fight recklessly!
You are too injured to fight recklessly!
You are too injured to fight recklessly!
You are too injured to fight recklessly!
Unknown command.
It was a potion of brilliance.
You feel clever all of a sudden. The necrophage barely misses you.
The jelly hits you.
You are splashed with acid.
* * * LOW HITPOINT WARNING * * *
It was a potion of might.
You feel very mighty all of a sudden.
The necrophage hits you but does no damage.
The jelly hits you.
* * * LOW HITPOINT WARNING * * *
You are splashed with acid!
You die...

...............
...............
...............
#...............$
#................
#................
#........J.......
#........@n......
#.[..............
#................
#........).......
#..........>.....
#...<............
#................
#................
#................


You could see a necrophage and a jelly.

Vanquished Creatures
  Terence (D:3)
  2 adders
  A worm (D:3)
  2 dart slugs
  8 orcs
  6 ball pythons
  5 endoplasms
  3 giant cockroaches
  4 goblins
  5 hobgoblins
  3 jackals (D:1)
  2 quokkas (D:1)
  10 bats
  2 frilled lizards (D:2)
  8 kobolds
  3 rats
65 creatures vanquished.

Vanquished Creatures (others)
  7 plants (D:1)
7 creatures vanquished.

Grand Total: 72 creatures vanquished

Notes
Turn   | Place    | Note
-------+----------+-------------------------------------------
     0 | D:1      | SensoryNuts the Troll Monk began the quest for the Orb.
     0 | D:1      | Reached XP level 1. HP: 22/22 MP: 0/0
   145 | D:1      | Reached XP level 2. HP: 29/29 MP: 1/1
   241 | D:1      | Reached skill level 3 in Maces & Flails
   579 | D:1      | Reached XP level 3. HP: 35/36 MP: 2/2
  1184 | D:2      | Reached XP level 4. HP: 45/45 MP: 3/3
  1927 | D:3      | Found a glowing golden altar of the Shining One.
  1988 | D:3      | Noticed Terence
  2026 | D:3      | Killed Terence
  2027 | D:3      | Reached skill level 4 in Maces & Flails
  2281 | D:4      | Noticed a necrophage
  2300 | D:4      | Splashed by a jelly's acid

Illustrated notes

Levels and vault maps discovered:
D:1:      nicolae_arrival_washed_ashore, layout_loops_ring, serial_bayou,
          serial_bayou_ford_a, serial_bayou_shore_a, serial_bayou_lagoon_a,
          serial_bayou_shore_b, serial_bayou_pond_d, serial_bayou_shore_b,
          minivault_24, amcnicky_mini_rare_corridor_liquid, minmay_distorted
D:2:      layout_loops_cross, hex_medium
D:3:      layout_loops_corners, nicolae_overflow_crystal_walls,
          minmay_surrounded, uniq_terence
D:4:      layout_gridville, makhleb_blood_cavern_becter, kennysheep_mini,
          mainiacjoe_overflow_alcove_1, serial_shops, kennysheep_little_box,
          shop, cheibrodos_sewer_entry_drain, uniq_grinder, uniq_robin

Skill      XL: |  1  2  3  4 |
---------------+-------------+-----
Maces & Flails | 3 4 |  4.0
Fighting       | 3 |  3.1
Dodging        | 3 |  3.0
Stealth        | |  1.1

Action                   |  1- 3 |  4- 6 || total
-------------------------+-------+-------++-------
Melee: Mace              |   140 |    92 ||   232
  Use: Potion            |       |     3 ||     3
 Stab: Sleeping          |     2 |       ||     2
Armor: Robe              |    46 |    31 ||    77
Dodge: Dodged            |    76 |    66 ||   142
